AoeStats
← TheQuietRiot

Acropolis

503378844Analyzed
1v1 RM · 1mo ago on Aug 31, 2026· 55m 30s· 2 players
Game mode
Random Map
Map size
Tiny (2 player)
Population
200
Speed
Normal
Resources
Standard
Victory
Conquest
Starting age
Dark Age
Ending age
Imperial Age
RankedLock teamsTeams togetherTeam positionsShared explorationLock speedFull tech treeHidden civsTurbo modeCheats
Victory
Defeat
🇬🇧 Britons · United Kingdom
900
+17
🇮🇳 Koreans · India
929
-17
TheQuietRiot
8:04 Loom
10:30 Feudal Age
11:19 Double-Bit Axe
15:23 Fletching
18:57 Horse Collar
19:57 Wheelbarrow
21:12 Gold Mining
21:13 Stone Mining
23:51 Castle Age
22:07 Padded Archer Armor
24:58 Bow Saw
24:16 Crossbowman
24:54 Bodkin Arrow
31:51 Stone Mining
31:52 Gold Mining
33:55 Hand Cart
34:20 Heavy Plow
35:54 Ballistics
38:44 Imperial Age
37:49 Forging
37:55 Leather Archer Armor
37:53 Forging
38:21 Gold Shaft Mining
38:45 Town Watch
42:01 Chemistry
40:28 Arbalester
41:40 Light Cavalry
42:22 Husbandry
42:26 Bracer
45:53 Town Patrol
46:35 Ring Archer Armor
48:07 Iron Casting
47:38 Scale Barding Armor
52:04 Yeomen
53:30 Murder Holes
53:39 Scale Mail Armor
54:00 Chain Barding Armor
54:43 Blast Furnace
Naghadatha
0:32 Loom
11:04 Feudal Age
18:05 Castle Age
19:10 Elite Skirmisher
25:55 Crossbowman
26:39 Double-Bit Axe
32:24 Fletching
33:29 Bodkin Arrow
39:19 Imperial Age
39:03 Wheelbarrow
38:33 Gold Mining
38:38 Stone Mining
38:32 Horse Collar
39:48 Capped Ram
42:44 Chemistry
41:56 Masonry
42:18 Conscription
44:16 Hand Cart
45:13 Arbalester
45:59 Bracer
46:05 Scale Barding Armor
47:34 Thumb Ring
53:16 Gold Shaft Mining
54:02 Ballistics
53:38 Murder Holes
Connection lost

Rejoining the realm…

Still unreachable

The connection could not be restored.

Session expired

The server has moved on; the page needs a fresh start.